[Event "Team 45 45 League T42"]
[Site "Internet Chess Club"]
[Date "2009.08.28"]
[Round "5"]
[White "bgolev"]
[Black "hewdondada"]
[Result "1/2-1/2"]
[WhiteElo "1798"]
[BlackElo "1768"]
[Opening "Scandinavian (center counter) defense"]
[ECO "B01"]
[Time "20:30:46"]
[TimeControl "2700+45"]

1. e4 d5 2. exd5 Qxd5 3. Nc3 Qa5 4. d4 c6 5. Nf3 Nf6 6. Bd2 Qc7 7. Bc4 Bf5 8.
O-O e6 9. a3 Bd6 10. Re1 O-O 11. h3 h6 12. Be3 Nbd7 13. b4 Nd5 14. Nxd5 cxd5 15.
Bd3 Bxd3 16. cxd3 Rac8 17. Rc1 Qb6 18. Qa4 Nb8 19. b5 a6 20. bxa6 Qxa6 21. Qxa6
bxa6 22. Rxc8 Rxc8 23. Rc1 Rxc1+ 24. Bxc1 Nd7 25. Kf1 Kf8 26. Ke2 Ke8 27. Kd1
Kd8 28. Kc2 Kc7 29. Kb3 Kb6 30. g3 Nb8 31. Ne1 Nc6 32. Bb2 Be7 33. f4 Na7 34. a4
Nc6 35. Bc3 a5 36. Nc2 f5 37. h4 g5 38. fxg5 hxg5 39. h5 Bf8 40. Bd2 Bh6 41. Kc3
Ne7 42. Ne1 Ng8 43. Nf3 Nf6 44. Bxg5 Bxg5 45. Nxg5 Nxh5 46. Nxe6 Nxg3 47. Kd2
Kc6 48. Ke3 Nh5 49. Nf4 Nf6 50. Ng6 Ng4+ 51. Kf4 Nf2 52. Ne5+ Kd6 53. Kxf5 Nd1
54. Nf7+ Ke7 55. Ke5 Kxf7 56. Kxd5 Nc3+ 57. Kc6 Nxa4 58. Kb5 {Game drawn by
mutual agreement} 1/2-1/2

[Event "Team 45 45 League T42"]
[Site "Internet Chess Club"]
[Date "2009.08.29"]
[Round "5"]
[White "mugurelt"]
[Black "room-matt"]
[Result "1-0"]
[WhiteElo "1771"]
[BlackElo "1724"]
[Opening "Benko's opening"]
[ECO "A00"]
[Time "16:16:30"]
[TimeControl "2700+45"]

1. g3 c5 2. Bg2 d5 3. d4 e6 4. Nf3 Nf6 5. Bg5 Qb6 6. b3 cxd4 7. Bxf6 gxf6 8.
Qxd4 Nd7 9. O-O Rg8 10. Nbd2 Bg7 11. Qh4 h6 12. Rac1 Qa6 13. c4 Nb6 14. cxd5
Nxd5 15. Nc4 b5 16. Ne3 Nxe3 17. fxe3 Rb8 18. Nd4 Bb7 19. Rc7 Qb6 20. Rxb7 Rxb7
21. Bxb7 Qxb7 22. Qh5 f5 23. Nxe6 Qb6 24. Nxg7+ Rxg7 25. Qf3 Rg5 26. Rc1 h5 27.
Rc6 Qa5 28. Kf2 h4 29. Rc8+ Ke7 30. Qb7+ Kf6 31. Qc6+ Kg7 32. Qe8 hxg3+ 33. hxg3
Kf6 34. Rc6+ Kg7 35. Qe5+ {Black resigns} 1-0

[Event "Team 45 45 League T42"]
[Site "Internet Chess Club"]
[Date "2009.08.30"]
[Round "5"]
[White "imgr8"]
[Black "Majamutu"]
[Result "1/2-1/2"]
[WhiteElo "2001"]
[BlackElo "2017"]
[Opening "Sicilian: Alapin's variation (2.c3)"]
[ECO "B22"]
[Time "14:09:21"]
[TimeControl "2700+45"]

1. e4 c5 2. c3 Nf6 3. e5 Nd5 4. d4 cxd4 5. Nf3 Nc6 6. cxd4 d6 7. Bc4 Nb6 8. Bb3
dxe5 9. d5 Na5 10. Nc3 Nxb3 11. Qxb3 e6 12. Nxe5 exd5 13. O-O Bd6 14. Nxd5 Be6
15. Qb5+ Kf8 16. Nxb6 Qxb6 17. Qxb6 axb6 18. Nf3 Rxa2 19. Rxa2 Bxa2 20. Be3 Ke7
21. Re1 Rc8 22. Bxb6+ Kf8 23. Bd4 f6 24. Bc3 Bc5 25. Nd4 Kf7 26. h3 Bd5 27. Nf5
b5 28. Bd4 Bf8 29. Rd1 Bb3 30. Rd2 g6 31. Ng3 Bb4 32. Rd3 Rc1+ 33. Kh2 Bc4 34.
Rf3 f5 35. Ne4 Bd5 36. Ng5+ Kg8 37. Re3 Re1 38. Kg3 f4+ 39. Kxf4 Bd2 40. Ne4
Bxe3+ 41. Bxe3 Bxe4 42. Kxe4 Rd1 43. b4 Kf7 44. g3 Ke6 45. h4 Rb1 46. Bc5 Rc1
47. Bf8 Rc4+ 48. Ke3 Kf5 49. Bd6 Kg4 50. Be7 Rc3+ 51. Ke4 Rc4+ 52. Kd5 Rc8 53.
Bc5 Kf5 54. Kd6 Ke4 55. Kd7 Ra8 56. Kc6 Rb8 57. Bb6 h5 58. Kxb5 Kd5 59. Ka6 Ra8+
60. Ba7 Rf8 61. b5 Rf7 62. Be3 Re7 63. b6 Kc6 64. Ka5 Re4 65. Bf4 Re2 66. Be3
Rb2 67. Ka4 Rb1 68. Ka3 Rb5 69. Ka2 Rb4 70. Ka3 Rb5 71. Ka2 Rb4 72. Ka3 Rb5 73.
Ka2 {Game drawn by repetition} 1/2-1/2

[Event "Team 45 45 League T42"]
[Site "Internet Chess Club"]
[Date "2009.08.29"]
[Round "5"]
[White "cesaralexander"]
[Black "snottgoblin"]
[Result "1/2-1/2"]
[WhiteElo "2067"]
[BlackElo "2042"]
[Opening "Nimzo-Indian: classical variation"]
[ECO "E32"]
[Time "22:00:28"]
[TimeControl "2700+45"]

1. d4 Nf6 2. c4 e6 3. Nc3 Bb4 4. Qc2 O-O 5. a3 Bxc3+ 6. Qxc3 b6 7. Nf3 Bb7 8. e3
Ne4 9. Qc2 f5 10. Bd3 d6 11. O-O Nd7 12. Nd2 Ndf6 13. f3 Nxd2 14. Bxd2 c5 15.
Rac1 Qe8 16. dxc5 dxc5 17. Bc3 Qh5 18. Qf2 Rad8 19. Rcd1 Rd7 20. Rd2 Rfd8 21.
Rfd1 Qg5 22. Bf1 Bc6 23. Rxd7 Rxd7 24. Rxd7 Nxd7 25. Bd2 Qd8 26. Qg3 Nf8 27. Bc3
Ng6 28. Be2 Ba4 29. h4 Qe7 30. h5 Nf8 31. h6 g5 32. Qe5 Ng6 33. Qb8+ Kf7 34. f4
Bc6 35. Bh5 Be8 36. Qe5 Kg8 37. Bxg6 Bxg6 38. fxg5 Qd7 39. Qh8+ Kf7 40. Qg7+ Ke8
41. Qg8+ Ke7 42. Bf6+ Kd6 43. Qb8+ Kc6 44. Qa8+ Qb7 45. Qg8 Qd7 46. Qa8+ Qb7 47.
Qg8 Qd7 48. Kh2 Bh5 49. Be5 Kb7 50. Qb8+ Ka6 51. b4 cxb4 52. axb4 Bg6 53. Bc3 b5
54. c5 Qc6 55. Be5 Be8 56. Bc7 Qd7 57. Be5 Qc6 58. Qd6 Kb7 59. Qe7+ Ka6 60. Qxh7
Qe4 61. Qc7 Qh4+ 62. Kg1 Qe1+ {Game drawn by mutual agreement} 1/2-1/2

[Event "Team 45 45 League T42"]
[Site "Internet Chess Club"]
[Date "2009.09.07"]
[Round "5"]
[White "trucazzo"]
[Black "irock"]
[Result "1-0"]
[WhiteElo "2109"]
[BlackElo "1699"]
[Opening "Queen's Indian: 4.e3"]
[ECO "E14"]
[Time "09:13:50"]
[TimeControl "2700+45"]

1. d4 Nf6 2. Nf3 e6 3. e3 b6 4. c4 Bb4+ 5. Bd2 Qe7 6. Nc3 Bb7 7. Bd3 d5 8. cxd5
Nxd5 9. e4 Nxc3 10. bxc3 Ba3 11. O-O O-O 12. e5 Nd7 13. Bxh7+ Kxh7 14. Ng5+ Kg6
15. Qc2+ f5 16. exf6+ Kxf6 17. Rae1 Bd6 18. Nxe6 Qxe6 19. Bg5+ Kf7 20. Rxe6 Kxe6
21. Qg6+ Nf6 22. Re1+ Kd5 23. Bxf6 Rxf6 24. Qe4+ {Black resigns} 1-0

[Event "Team 45 45 League T42"]
[Site "Internet Chess Club"]
[Date "2009.08.27"]
[Round "5"]
[White "charles-allen"]
[Black "SleepyEyes"]
[Result "1-0"]
[WhiteElo "1906"]
[BlackElo "1710"]
[Opening "Three knights game"]
[ECO "C46"]
[Time "20:05:40"]
[TimeControl "2700+45"]

1. e4 e5 2. Nc3 Nc6 3. Nf3 d6 4. d4 exd4 5. Nxd4 Bd7 6. Be3 Nf6 7. Qd2 Be7 8.
Be2 Nxd4 9. Bxd4 Bc6 10. f3 Qd7 11. Bc4 a6 12. a4 b5 13. axb5 axb5 14. Rxa8+
Bxa8 15. Bxb5 Bc6 16. Bxc6 Qxc6 17. O-O O-O 18. Ra1 Ra8 19. Rxa8+ Qxa8 20. b4 c5
21. bxc5 dxc5 22. Be3 c4 23. Bg5 h6 24. Be3 Bb4 25. Bd4 Qa5 26. Qe3 Kh7 27. e5
Nd5 28. Qe4+ Kh8 29. Nxd5 Bd2 30. e6 fxe6 31. Qxe6 c3 32. Ne7 Qa8 33. Qc8+ Qxc8
34. Nxc8 Kg8 35. Kf2 Kf7 36. Nd6+ Ke6 37. Ne4 {Black resigns} 1-0

[Event "Team 45 45 League T42"]
[Site "Internet Chess Club"]
[Date "2009.08.29"]
[Round "5"]
[White "Spencer"]
[Black "Portola"]
[Result "1-0"]
[WhiteElo "1796"]
[BlackElo "1714"]
[Opening "French: King's Indian attack"]
[ECO "C00"]
[Time "18:00:16"]
[TimeControl "2700+45"]

1. e4 e6 2. d3 d5 3. Qe2 dxe4 4. dxe4 Nc6 5. Nf3 Nf6 6. g3 e5 7. Bg2 Be7 8. O-O
O-O 9. Rd1 Bd7 10. Nc3 h6 11. Nd5 Bd6 12. c3 Nxd5 13. exd5 Nb8 14. b4 Re8 15. a4
Qf6 16. h3 Bf5 17. Ba3 Nd7 18. c4 b6 19. Rac1 Rab8 20. c5 bxc5 21. bxc5 Bf8 22.
d6 cxd6 23. cxd6 Rb6 24. Rc7 Bxd6 25. Bxd6 Rxd6 26. Rxd6 Qxd6 27. Rxa7 Bd3 28.
Qd2 e4 29. Ne1 Ne5 30. Bxe4 Qb6 31. Rb7 Qd4 32. Bxd3 Nc4 33. Bh7+ Kxh7 34. Qxd4
Rxe1+ 35. Kg2 Ne5 36. Re7 Rg1+ 37. Kxg1 Nf3+ 38. Kf1 Nxd4 39. Rxf7 Nc6 40. Rc7
Na5 41. Rc5 Nb3 42. Rb5 Nd4 43. Rb8 Nc6 44. Ra8 g6 45. a5 Kg7 46. a6 Kf7 47. a7
Ke7 48. Rh8 {Black resigns} 1-0

[Event "Team 45 45 League T42"]
[Site "Internet Chess Club"]
[Date "2009.08.30"]
[Round "5"]
[White "BraafPaard"]
[Black "jolin54"]
[Result "0-1"]
[WhiteElo "1578"]
[BlackElo "1454"]
[Opening "Caro-Kann: Steinitz variation"]
[ECO "B17"]
[Time "10:00:10"]
[TimeControl "2700+45"]

1. e4 c6 2. d4 d5 3. Nc3 dxe4 4. Nxe4 Nd7 5. Nf3 Ngf6 6. Bd3 e6 7. Bg5 Be7 8.
O-O Nxe4 9. Bxe7 Qxe7 10. Bxe4 Nf6 11. Re1 O-O 12. Qd3 Nxe4 13. Rxe4 f5 14. Re2
Rf6 15. a3 b6 16. c4 Bb7 17. Rc1 Rd8 18. Re5 Qf7 19. Ng5 Qe7 20. Rce1 Rd6 21.
Qe3 Bc8 22. d5 cxd5 23. cxd5 h6 24. Nf3 Qf7 25. dxe6 Rfxe6 26. Nd4 Rxe5 27. Qxe5
Rd8 28. Nc6 Rf8 29. Qc3 Qd7 30. Ne5 Qd6 31. f4 Bb7 32. b4 Qd5 33. Qg3 Re8 34. h4
Qd2 35. Qf2 Qd5 36. Qg3 b5 37. Re2 Qd1+ 38. Qe1 Qb3 39. Re3 Qd5 40. Re2 Rc8 41.
Rd2 Qb3 42. Rd3 Qb2 43. Qd2 Rc2 44. Qe1 Rxg2+ 45. Kf1 Rh2 46. Rd2 Rxd2 {White
resigns} 0-1

[Event "Team 45 45 League T42"]
[Site "Internet Chess Club"]
[Date "2009.08.30"]
[Round "5"]
[White "makramkozman"]
[Black "fishhead"]
[Result "0-1"]
[WhiteElo "1694"]
[BlackElo "1969"]
[Opening "Trompowsky attack (Ruth, Opocenský opening)"]
[ECO "A45"]
[Time "14:10:40"]
[TimeControl "2700+45"]

1. d4 Nf6 2. Bg5 Ne4 3. Bf4 g6 4. e3 Bg7 5. Bc4 d6 6. f3 Nf6 7. Nc3 Nbd7 8. e4
e5 9. Be3 c6 10. Nge2 h6 11. Qd2 b5 12. Bb3 a5 13. a4 b4 14. Nd1 g5 15. O-O Nh5
16. Nf2 Qc7 17. Rad1 Ba6 18. Rfe1 Nf4 19. Nd3 Nxe2+ 20. Rxe2 exd4 21. Bf2 O-O
22. f4 Bf6 23. Bg3 Rae8 24. fxg5 hxg5 25. Kh1 Ne5 26. Bxe5 dxe5 27. Rf2 Bg7 28.
Qxg5 Bc8 29. Nc5 Qe7 30. Qh5 Be6 31. Nxe6 fxe6 32. Rdf1 Rxf2 33. Rxf2 Rf8 34.
Rxf8+ Kxf8 35. Qg6 Bf6 36. g3 Qf7 37. Qxf7+ Kxf7 38. h4 Be7 39. Kg2 Bc5 40. Kf3
d3 41. cxd3 Bd4 42. h5 Bxb2 43. g4 Bc1 44. Ke2 Kf6 45. Kf3 Bh6 46. Ke2 Kg5 47.
Bxe6 Kf4 48. Kd1 Ke3 49. Kc2 Kd4 50. Bd7 c5 51. Bb5 Ke3 52. Kb3 Kd4 53. Ba6 Bg5
54. Kc2 Bh6 55. Bc4 Bg5 56. Kd1 Kc3 57. Ke2 Kc2 58. Kf3 b3 59. Bxb3+ Kxb3 60. h6
Bxh6 61. Kg3 Bg5 {White resigns} 0-1

[Event "Team 45 45 League T42"]
[Site "Internet Chess Club"]
[Date "2009.08.31"]
[Round "5"]
[White "quotha"]
[Black "woodmover"]
[Result "0-1"]
[WhiteElo "1625"]
[BlackElo "1685"]
[Opening "Queen's pawn game"]
[ECO "A45"]
[Time "15:08:06"]
[TimeControl "2700+45"]

1. d4 Nf6 2. h3 d5 3. Nf3 Bf5 4. Bf4 e6 5. e3 c6 6. Bd3 Bxd3 7. Qxd3 Qb6 8. b3
Nbd7 9. O-O Be7 10. c4 c5 11. Nc3 dxc4 12. bxc4 cxd4 13. Rfb1 Qc6 14. Nxd4 Qc8
15. Ndb5 e5 16. Bg5 O-O 17. Rd1 Nc5 18. Qe2 Qf5 19. Bxf6 Bxf6 20. e4 Qc8 21. Nd5
Bd8 22. Rac1 Kh8 23. Qe3 b6 24. Nd6 Qc6 25. Nf5 Qg6 26. Nde7 Bxe7 27. Nxe7 Qxe4
28. Qxe4 Nxe4 29. Rd5 f6 30. f3 Nc5 31. Rcd1 Rfe8 32. Nf5 Kg8 33. Nd6 Re6 34.
Nb5 Re7 35. Kh2 Kf7 36. Nd6+ Kg6 37. g4 Rd7 38. h4 h6 39. h5+ Kh7 40. Nf5 Rad8
41. Kg3 Kg8 42. Nd6 Ne6 43. Kf2 Nd4 44. Nf5 Kf7 45. Ne3 Ke6 46. a4 Rxd5 47.
cxd5+ Kd6 48. Rc1 Rd7 {White resigns} 0-1

[Event "Team 45 45 League T42"]
[Site "Internet Chess Club"]
[Date "2009.09.01"]
[Round "5"]
[White "ImTbone"]
[Black "EyeAm"]
[Result "0-1"]
[WhiteElo "1309"]
[BlackElo "1532"]
[Opening "Four knights: Scotch variation"]
[ECO "C47"]
[Time "18:00:25"]
[TimeControl "2700+45"]

1. e4 e5 2. Nf3 Nf6 3. Nc3 Nc6 4. d4 Bb4 5. dxe5 Nxe4 6. Bd2 Nxd2 7. Qxd2 Qe7 8.
Qe3 Bxc3+ 9. Qxc3 f6 10. O-O-O fxe5 11. Bc4 d6 12. Rhe1 Bd7 13. Nd4 Nxd4 14.
Rxd4 O-O-O 15. Qg3 Qf6 16. Rd2 Kb8 17. Rf1 Qh6 18. f4 Rhf8 19. fxe5 Rxf1+ 20.
Bxf1 dxe5 21. Qxe5 Bb5 22. Qe1 Bxf1 23. g3 Kc8 24. Qf2 Rxd2 25. Qxd2 Qxd2+ 26.
Kxd2 Kd7 27. Ke3 Kd6 28. Kd4 c5+ 29. Ke4 Bg2+ 30. Ke3 Ke5 31. c3 Bd5 32. a3 c4
33. Kf2 Ke4 34. Ke2 b5 35. h4 h5 36. Ke1 Kf3 37. Kf1 Kxg3 38. Kg1 Kxh4 39. Kh2
Kg4 40. Kg1 h4 41. Kh2 h3 42. Kg1 Kg3 43. Kf1 h2 44. Ke2 h1=Q 45. Ke3 Qe4+ 46.
Kd2 Kf2 47. Kc1 Qe1+ 48. Kc2 Be4# {White checkmated} 0-1

[Event "Team 45 45 League T42"]
[Site "Internet Chess Club"]
[Date "2009.08.29"]
[Round "5"]
[White "guyd52"]
[Black "rayspokemon"]
[Result "0-1"]
[WhiteElo "1361"]
[BlackElo "1421"]
[Opening "Réti opening"]
[ECO "A04"]
[Time "18:00:33"]
[TimeControl "2700+45"]

1. Nf3 Nc6 2. g3 e5 3. d3 d5 4. Bg2 Nf6 5. O-O Bd6 6. Nbd2 Be6 7. b3 O-O 8. Bb2
Qd7 9. e4 d4 10. c3 dxc3 11. Bxc3 Rad8 12. d4 exd4 13. Nxd4 Nxd4 14. Bxd4 Bxg3
15. hxg3 Qxd4 16. e5 Ne8 17. Nc4 Qxd1 18. Rfxd1 Rxd1+ 19. Rxd1 Bxc4 20. bxc4 c6
21. Rd7 b5 22. cxb5 cxb5 23. Rxa7 f6 24. Bd5+ Kh8 25. e6 Nd6 26. Rd7 Nc8 27. Bb7
Nb6 28. Rc7 Re8 29. e7 Nc4 30. Rc8 Rxc8 31. Bxc8 Nd6 32. Be6 g6 33. Bc4 bxc4 34.
a4 c3 {White resigns} 0-1

[Event "Team 45 45 League T42"]
[Site "Internet Chess Club"]
[Date "2009.08.29"]
[Round "5"]
[White "baseball613"]
[Black "WilmaP"]
[Result "0-1"]
[WhiteElo "1140"]
[BlackElo "1271"]
[Opening "Queen's pawn game"]
[ECO "D02"]
[Time "14:00:15"]
[TimeControl "2700+45"]

1. d4 d5 2. Nf3 e6 3. Bf4 Nd7 4. e3 c5 5. c3 Qb6 6. Qb3 Ngf6 7. Nbd2 Qc6 8. Bb5
Qb6 9. dxc5 Qxc5 10. Ne5 Bd6 11. Nxd7 Bxd7 12. Bxd7+ Nxd7 13. Bxd6 Qxd6 14. Qxb7
O-O 15. Qb3 Qa6 16. Nf3 Nc5 17. Qc2 Rab8 18. Nd4 Nd3+ 19. Kd2 Rxb2 20. Rhb1
Rxc2+ 21. Kxc2 h6 22. Rb5 Nxf2 23. Kd2 Rc8 24. a4 Ne4+ 25. Kc2 Nxc3 26. Rb3 Ne4+
27. Kd1 Qf1# {White checkmated} 0-1

[Event "Team 45 45 League T42"]
[Site "Internet Chess Club"]
[Date "2009.08.28"]
[Round "5"]
[White "TheronUAL"]
[Black "dscvdchk"]
[Result "0-1"]
[WhiteElo "1515"]
[BlackElo "1654"]
[Opening "Four knights: Italian variation"]
[ECO "C28"]
[Time "23:00:59"]
[TimeControl "2700+45"]

1. e4 e5 2. Nc3 Nf6 3. Bc4 Nc6 4. Nf3 Nxe4 5. O-O Nxc3 6. dxc3 Be7 7. Re1 d6 8.
a4 O-O 9. b4 Bf6 10. Bb2 Bg4 11. h3 Bh5 12. Bd5 Rb8 13. Qd3 Ne7 14. Be4 Bg6 15.
c4 Bxe4 16. Qxe4 Ng6 17. Rad1 c6 18. Nh2 Qc7 19. Ng4 Bg5 20. Qd3 Rbd8 21. Bc1
Bxc1 22. Rxc1 Nf4 23. Qf5 Qd7 24. Qg5 Qe6 25. Ne3 Qg6 26. Qxg6 hxg6 27. Kh2 f5
28. g3 Ne6 29. c3 Kf7 30. b5 Rh8 31. Kg2 Ng5 32. h4 Ne4 33. Red1 Ke6 34. f3 Nf6
35. a5 d5 36. cxd5+ cxd5 37. c4 d4 38. Nc2 Rc8 39. Nb4 Rhd8 40. c5 Nd5 41. Nxd5
Kxd5 42. c6 bxc6 43. b6 axb6 44. axb6 Rb8 45. Rb1 Rd7 46. Rd2 Rdb7 47. Ra2 Rxb6
48. Rxb6 Rxb6 49. Ra7 c5 50. Rxg7 c4 51. Rd7+ Rd6 52. Rc7 c3 53. Kf1 Rc6 54.
Rd7+ Kc4 55. Ra7 d3 56. Ke1 Kd4 57. Rd7+ Ke3 58. g4 c2 {White resigns} 0-1

[Event "Team 45 45 League T42"]
[Site "Internet Chess Club"]
[Date "2009.08.31"]
[Round "5"]
[White "UriahHeep"]
[Black "BishopMike"]
[Result "0-1"]
[WhiteElo "1355"]
[BlackElo "1455"]
[Opening "Grünfeld: modern exchange variation"]
[ECO "D70"]
[Time "12:31:04"]
[TimeControl "2700+45"]

1. d4 Nf6 2. Nf3 g6 3. c4 d5 4. cxd5 Nxd5 5. Nc3 Bg7 6. e4 Nxc3 7. bxc3 O-O 8.
Be2 Nc6 9. O-O a6 10. h3 b5 11. a3 Bb7 12. Bf4 Re8 13. e5 e6 14. Bg5 Ne7 15. Qc1
Qd5 16. Bf6 Bxf6 17. exf6 Nf5 18. g4 Kh8 19. gxf5 Rg8 20. fxg6 Rxg6+ 21. Kh2
Qd6+ 22. Kh1 Rxf6 23. Qe3 Rg8 24. Qe5 Qe7 25. Rg1 Rg6 26. Rxg6 fxg6 27. Kh2 Kg8
28. Qc5 Qxc5 29. dxc5 Bxf3 30. Bxf3 Rxf3 31. Kg2 Rxc3 32. Re1 Kf7 33. Re3 Rxc5
{White resigns} 0-1

[Event "Team 45 45 League T42"]
[Site "Internet Chess Club"]
[Date "2009.08.29"]
[Round "5"]
[White "BishopJacob"]
[Black "arconia"]
[Result "0-1"]
[WhiteElo "946"]
[BlackElo "1360"]
[Opening "Sicilian defense"]
[ECO "B20"]
[Time "11:09:09"]
[TimeControl "2700+45"]

1. e4 c5 2. d3 Nc6 3. Nc3 e6 4. Nf3 d6 5. d4 cxd4 6. Nxd4 a6 7. Bc4 Be7 8. O-O
Ne5 9. b3 Nf6 10. Be3 d5 11. Qe2 dxc4 12. bxc4 O-O 13. Rad1 Qc7 14. Bf4 Bd6 15.
Bxe5 Bxe5 16. g3 Bxd4 17. Rxd4 e5 18. Rdd1 Be6 19. Nd5 Nxd5 20. cxd5 Bd7 21. d6
Qc6 22. c4 Rad8 23. Rd5 Be6 24. Rxe5 Qxd6 25. Qh5 Bxc4 26. Rc1 Bxa2 27. Ra5 Be6
28. e5 Qd2 29. Rac5 b5 30. f4 Qe3+ 31. Kg2 Rd2+ 32. Kh1 Qe4+ 33. Kg1 Qg2# {White
checkmated} 0-1

[Event "Team 45 45 League T42"]
[Site "Internet Chess Club"]
[Date "2009.08.29"]
[Round "5"]
[White "TheronUAL"]
[Black "rubo"]
[Result "0-1"]
[WhiteElo "1506"]
[BlackElo "1690"]
[Opening "Caro-Kann defense"]
[ECO "B11"]
[Time "16:04:42"]
[TimeControl "2700+45"]

1. e4 c6 2. Nc3 d5 3. exd5 cxd5 4. d4 Nf6 5. Nf3 Bg4 6. Be2 e6 7. Ne5 Bxe2 8.
Qxe2 Nc6 9. Nf3 Be7 10. Bf4 O-O 11. O-O a6 12. a3 b5 13. Rfd1 Qb6 14. Na2 Rac8
15. c3 Na5 16. Qc2 Nc4 17. Nb4 a5 18. Nd3 b4 19. axb4 axb4 20. Qb3 bxc3 21. Qxb6
Nxb6 22. bxc3 Rxc3 23. Ra7 Nfd7 24. Nde5 Nxe5 25. Nxe5 Bf6 26. Nd7 Nxd7 27. Rxd7
Rfc8 28. Rb1 Bxd4 29. Rb8 Rxb8 {White resigns} 0-1

[Event "Team 45 45 League T42"]
[Site "Internet Chess Club"]
[Date "2009.08.31"]
[Round "5"]
[White "BenjaminSisko"]
[Black "achessfool"]
[Result "1-0"]
[WhiteElo "1551"]
[BlackElo "1469"]
[Opening "Réti: old Indian attack"]
[ECO "A06"]
[Time "21:03:24"]
[TimeControl "2700+45"]

1. Nf3 d5 2. d3 Bg4 3. Nbd2 e6 4. g3 Nf6 5. Bg2 Bd6 6. O-O Nbd7 7. e4 e5 8. Re1
d4 9. Nc4 Qe7 10. a4 h5 11. Bg5 Qe6 12. Qd2 Bxf3 13. Bxf3 Ng4 14. Qe2 f6 15. Bd2
g5 16. h3 Nh6 17. Bg2 g4 18. h4 O-O-O 19. b4 Rde8 20. Reb1 f5 21. exf5 Nxf5 22.
Be4 Nf6 23. a5 a6 24. b5 Nxh4 25. gxh4 g3 26. Bg5 gxf2+ 27. Qxf2 Rhg8 28. Bf5
Qxf5 29. Qxf5+ Kb8 30. Qxf6 Ref8 31. Qe6 e4 32. bxa6 Rf4 33. Nxd6 Rg4+ 34. Qxg4
hxg4 35. Nxe4 Rf8 36. Rxb7+ Kc8 37. Nc5 c6 38. a7 Rf3 39. a8=Q# {Black
checkmated} 1-0

[Event "Team 45 45 League T42"]
[Site "Internet Chess Club"]
[Date "2009.08.30"]
[Round "5"]
[White "Pillsbury57"]
[Black "smsxman"]
[Result "0-1"]
[WhiteElo "1461"]
[BlackElo "1633"]
[Opening "QGD: 3...Nf6"]
[ECO "D35"]
[Time "13:00:08"]
[TimeControl "2700+45"]

1. d4 d5 2. c4 e6 3. Nc3 Nf6 4. e3 Bd7 5. cxd5 exd5 6. Bd2 Be7 7. Bd3 Nc6 8. Nf3
Nb4 9. Bb1 O-O 10. a3 Nc6 11. O-O Bg4 12. Bd3 Re8 13. Be2 a6 14. h3 Bxf3 15.
Bxf3 g6 16. Re1 Bf8 17. Qc2 Bg7 18. b4 Ne7 19. Rac1 c6 20. a4 Rc8 21. Qb3 b5 22.
a5 Nf5 23. g3 Nd6 24. Be2 Qd7 25. Kg2 Qe7 26. Bd3 Nc4 27. Bxc4 dxc4 28. Qc2 Qxb4
29. Nd5 Qd6 30. Nb6 Rb8 31. Bb4 Qe6 32. Qe2 Nd5 33. Nxd5 cxd5 34. Bc5 Bf8 35.
Bb6 Be7 36. e4 Bb4 37. Red1 Qc6 38. exd5 Qxd5+ 39. Qf3 Qxf3+ 40. Kxf3 Bf8 41. d5
Re7 42. Bc5 Rd7 43. Bxf8 Kxf8 44. Rd4 Kg7 45. g4 Kf6 46. Rc3 Ke5 47. Ke3 Rxd5
48. f4+ Kd6 49. Rxd5+ Kxd5 50. Rc1 b4 51. Rd1+ Kc5 52. Rc1 b3 53. Kd2 Kb4 54.
Rb1 Rb5 55. Kc1 Rxa5 56. h4 c3 57. g5 Rd5 58. Rxb3+ Kxb3 {White resigns} 0-1

[Event "Team 45 45 League T42"]
[Site "Internet Chess Club"]
[Date "2009.08.27"]
[Round "5"]
[White "nobull"]
[Black "BishopMike"]
[Result "1-0"]
[WhiteElo "1566"]
[BlackElo "1442"]
[Opening "Queen's pawn game, Chigorin variation"]
[ECO "D02"]
[Time "19:26:23"]
[TimeControl "2700+45"]

1. Nf3 d5 2. d4 Nc6 3. g3 b6 4. Bg2 Nf6 5. O-O e6 6. c4 dxc4 7. Ne5 Bd7 8. Nxc6
Bxc6 9. Bxc6+ Nd7 10. Bxa8 Qxa8 11. Qa4 Qe4 12. Nc3 Qxd4 13. Rd1 Qxd1+ 14. Qxd1
Bc5 15. Qa4 a6 16. Qxa6 O-O 17. Qxc4 b5 18. Qxb5 Rd8 19. Qa5 Bb6 20. Qg5 Nf6
{Black resigns} 1-0

[Event "Team 45 45 League T42"]
[Site "Internet Chess Club"]
[Date "2009.08.29"]
[Round "5"]
[White "fishhead"]
[Black "quaksterjohny"]
[Result "1-0"]
[WhiteElo "1963"]
[BlackElo "1495"]
[Opening "Caro-Kann: two knights, 3...Bg4"]
[ECO "B10"]
[Time "18:00:41"]
[TimeControl "2700+45"]

1. e4 c6 2. Nf3 d5 3. Nc3 Bg4 4. h3 Bxf3 5. Qxf3 Nf6 6. e5 Nfd7 7. d4 e6 8. Bf4
c5 9. O-O-O Qb6 10. Na4 Qa5 11. Qb3 Nb6 12. Bb5+ Nc6 13. Bd2 c4 14. Bxa5 cxb3
15. axb3 Nxa4 16. bxa4 Rc8 17. Be1 a6 18. Be2 Nb4 19. c3 Nc6 20. Kb1 Ne7 21. b4
Rc6 22. Kb2 Kd8 23. g4 Ng6 24. Bd2 Be7 25. f4 Kc7 26. f5 Nf8 27. Bd3 g6 28. f6
Bd8 29. h4 h6 30. h5 g5 31. b5 axb5 32. axb5 Rb6 33. c4 dxc4 34. Bxc4 Kb8 35.
Kb3 Nd7 36. Ka4 Nxf6 37. exf6 Bxf6 38. Bb4 Rd8 39. Bc5 Rbd6 40. Bxd6+ Rxd6 41.
d5 exd5 42. Rxd5 Re6 43. Rf5 Bd8 44. Bxe6 fxe6 45. Rf8 Kc7 46. Rc1+ Kb6 47. Rxd8
e5 48. Rd6+ Ka7 49. b6+ Ka6 50. Rc5 e4 51. Ra5# {Black checkmated} 1-0

[Event "Team 45 45 League T42"]
[Site "Internet Chess Club"]
[Date "2009.08.30"]
[Round "5"]
[White "Walker42"]
[Black "isolani"]
[Result "0-1"]
[WhiteElo "1627"]
[BlackElo "1589"]
[Opening "King's Indian: Averbakh system"]
[ECO "E73"]
[Time "09:00:19"]
[TimeControl "2700+45"]

1. d4 Nf6 2. c4 g6 3. Nc3 Bg7 4. e4 d6 5. Be2 O-O 6. Bg5 Nbd7 7. f4 e5 8. fxe5
dxe5 9. dxe5 Nxe5 10. Qxd8 Rxd8 11. Nd5 Nxd5 12. Bxd8 Ne3 13. Kf2 N5g4+ 14. Bxg4
Nxg4+ 15. Ke2 Be6 16. Bxc7 Rc8 17. Bd6 Rxc4 18. Nh3 Rxe4+ 19. Kf3 Re3+ {White
resigns} 0-1

[Event "Team 45 45 League T42"]
[Site "Internet Chess Club"]
[Date "2009.08.30"]
[Round "5"]
[White "SpeedBlade"]
[Black "Zappy"]
[Result "1-0"]
[WhiteElo "1406"]
[BlackElo "1524"]
[Opening "English: Caro-Kann defensive system"]
[ECO "A11"]
[Time "12:01:48"]
[TimeControl "2700+45"]

1. c4 c6 2. g3 e5 3. d4 exd4 4. Qxd4 Nf6 5. Bg2 Be7 6. Nf3 O-O 7. O-O Qc7 8. Bf4
d6 9. Nc3 c5 10. Qd3 Qd7 11. Rfd1 Ne8 12. Rd2 Nc6 13. Rad1 b6 14. Nb5 Ba6 15.
Nxd6 Nxd6 16. Bxd6 Bxd6 17. Qxd6 Qxd6 18. Rxd6 Nb4 19. Ne5 Nxa2 20. Bxa8 Rxa8
21. Rd8+ Rxd8 22. Rxd8# {Black checkmated} 1-0

[Event "Team 45 45 League T42"]
[Site "Internet Chess Club"]
[Date "2009.08.31"]
[Round "5"]
[White "imawesome"]
[Black "joshtournman"]
[Result "0-1"]
[WhiteElo "1494"]
[BlackElo "1503"]
[Opening "Bishop's opening"]
[ECO "C23"]
[Time "18:23:19"]
[TimeControl "2700+45"]

1. e4 e5 2. Bc4 d6 3. d3 Nf6 4. Nc3 Be6 5. Bb3 Bxb3 6. axb3 Nc6 7. f4 Be7 8. Nf3
O-O 9. O-O Re8 10. Qe1 Nb4 11. Qf2 b6 12. h3 d5 13. fxe5 dxe4 14. exf6 Bc5 15.
d4 exf3 16. dxc5 fxg2 17. Qxg2 Qd4+ 18. Qf2 Nxc2 19. Qxd4 Nxd4 20. b4 Nc2 21.
Ra4 Re5 22. Bf4 Rh5 23. Bxc7 bxc5 24. bxc5 Rxc5 25. Bb6 Rg5+ 26. Kh2 a6 27. Rg4
Rxg4 28. hxg4 Rb8 29. Nd5 gxf6 30. Rc1 Nb4 31. Nxf6+ Kg7 32. Bd4 Kg6 33. Kg3 Nd3
34. Rc6 Nb4 35. Ne4+ Nxc6 {White resigns} 0-1

[Event "Team 45 45 League T42"]
[Site "Internet Chess Club"]
[Date "2009.08.27"]
[Round "5"]
[White "Nosferatu1"]
[Black "Speedy-Reedy"]
[Result "1/2-1/2"]
[WhiteElo "1882"]
[BlackElo "1875"]
[Opening "Benkö gambit"]
[ECO "A57"]
[Time "14:14:37"]
[TimeControl "2700+45"]

1. d4 Nf6 2. c4 c5 3. d5 b5 4. Qc2 e6 5. e4 bxc4 6. Bxc4 exd5 7. exd5 Bd6 8. Nf3
O-O 9. O-O h6 10. Nc3 Ba6 11. b3 Re8 12. Qd3 Bxc4 13. bxc4 Bf8 14. Bf4 d6 15.
Rfe1 Nbd7 16. Rxe8 Qxe8 17. Re1 Qd8 18. Nb5 Nb6 19. h3 Qd7 20. Nd2 Rb8 21. Qc2
Nxc4 22. Nxc4 Rxb5 23. Qd3 Rb4 24. a3 Rb8 25. Rd1 Ne8 26. Qg3 g5 27. h4 Qa4 28.
Rc1 Rb3 29. f3 f6 30. hxg5 hxg5 31. Qg4 Kg7 32. Bg3 Rd3 33. Qe6 Rd4 34. Nxd6
Nxd6 35. Bxd6 Bxd6 36. Qxd6 Qxa3 37. Qe7+ Kg6 38. Qe8+ {Game drawn by mutual
agreement} 1/2-1/2